cohdb
Replays
Latest Replays
All Replays
Popular Replays
Top Player Replays
Match Explorer
How It Works
Community
CoH3 Stats
Reddit
Sign in to upload your games and track your stats! →
Sign in with Steam
Match 38958305
Unlisted
Match 38958305
Overview
Messages
Build Orders
End
Scout Squad
Construct Barracks
Riflemen Squad
Riflemen Squad
Grenade Package
Infantry Support Center
Selects Advanced Infantry Battlegroup
Selects Convert to Ranger Squad
Riflemen Squad
Construct Weapon Support Center
Convert to Ranger Squad
Construct Medical Station
M3 Armored Personnel Carrier
Convert to Ranger Squad
STALKER4732
Frost233233
Michty Action X
快放我出去吃人
BÖRK
Rabbs
MZMZ
jerjawe
0
0
Comments
sign in to comment!
No comments posted yet!